[Event "POL-chT Ekstraliga 2018"]
[Site "Gorzow"]
[Date "2018.06.08"]
[Round "1"]
[White "Nguyen, Piotr"]
[Black "Tomaszewski, Roman"]
[Result "1-0"]
[ECO "A37"]
[WhiteElo "2397"]
[BlackElo "2265"]
[Annotator "NA"]
[PlyCount "65"]
[EventDate "2018.06.08"]
[EventType "team-tourn"]
[EventCountry "POL"]
[SourceTitle "playchess.com"]
[Source "ChessBase"]
[SourceQuality "1"]
[TimeControl "40/5400+30:1800+30"]

1. c4 c5 2. g3 Nc6 3. Bg2 g6 4. Nc3 Bg7 5. Nf3 e6 6. d3 Nge7 7. h4 h6 8. Bd2 d5 9. a3 b6 10. Rb1 Bb7 11. O-O O-O 12. Qc1 Kh7 13. b4 cxb4 14. axb4 Qd7 15. b5 Nd8 16. c5 bxc5 17. Na4 c4 18. dxc4 dxc4 19. Nc5 Qc7 20. Qxc4 Rc8 21. Rfc1 Re8 22. Qa4 Qb6 23. Nxb7 Nxb7 24. Be3 Qd6 25. Qxa7 Rb8 26. Bf4 e5 27. Nxe5 Bxe5 28. Bxe5 Qxe5 29. Bxb7 Nf5 30. Bf3 Kg7 31. Rc7 Nxg3 32. Rxf7+ Kg8 33. fxg3 1-0

[Event "POL-chT Ekstraliga 2018"]
[Site "Gorzow"]
[Date "2018.06.08"]
[Round "1"]
[White "Luch, Michal"]
[Black "Mikrut, Dariusz"]
[Result "*"]
[WhiteElo "2395"]
[BlackElo "2379"]
[Annotator "NA"]
[PlyCount "96"]
[EventDate "2018.06.08"]
[EventType "team-tourn"]
[EventCountry "POL"]
[SourceTitle "playchess.com"]
[Source "ChessBase"]
[SourceQuality "1"]
[TimeControl "40/5400+30:1800+30"]

1. c4 Nf6 2. Nc3 e6 3. e4 e5 4. f4 d6 5. d3 Be7 6. Nf3 Nbd7 7. Be2 c6 8. O-O a6 9. d4 O-O 10. Kh1 exd4 11. Nxd4 Nc5 12. Bf3 a5 13. b3 Re8 14. Ba3 Qb6 15. Qd2 Bf8 16. Rae1 a4 17. b4 Ne6 18. Nf5 Qc7 19. g3 g6 20. Ne3 Qb6 21. Qf2 Bg7 22. c5 dxc5 23. bxc5 Qa5 24. Rc1 Qa6 25. e5 Nd7 26. Ne4 Nd4 27. Nd6 Rd8 28. Be4 Nf8 29. Nec4 Nb5 30. Nxb5 Qxb5 31. Nd6 Qa5 32. Rb1 Qc7 33. Rfd1 f6 34. exf6 Bxf6 35. Qc2 Qe7 36. Re1 Qg7 37. Bf3 h5 38. Qc4+ Kh7 39. Ne8 Rxe8 40. Rxe8 Bg4 41. Re3 Bd4 42. Rd3 Bf5 43. Qxd4 Qxd4 44. Rxb7+ Qg7 45. Rxg7+ Kxg7 46. Rd4 Ne6 47. Rd7+ Kf8 48. Bxc6 Rb8 *

[Event "POL-chT Ekstraliga 2018"]
[Site "Gorzow"]
[Date "2018.06.08"]
[Round "1"]
[White "Majdan, Joanna"]
[Black "Lach, Aleksandra"]
[Result "1/2-1/2"]
[ECO "B53"]
[WhiteElo "2371"]
[BlackElo "2209"]
[Annotator "NA"]
[PlyCount "121"]
[EventDate "2018.06.08"]
[EventType "team-tourn"]
[EventCountry "POL"]
[SourceTitle "playchess.com"]
[Source "ChessBase"]
[SourceQuality "1"]
[TimeControl "40/5400+30:1800+30"]

1. e4 c5 2. Nf3 d6 3. d4 cxd4 4. Qxd4 a6 5. c4 Nc6 6. Qe3 Bg4 7. h3 Bxf3 8. Qxf3 g6 9. Qb3 Rb8 10. Be3 Bg7 11. Nc3 Nd4 12. Qd1 Ne6 13. Rc1 Nf6 14. Be2 O-O 15. O-O b5 16. cxb5 axb5 17. b4 Nc7 18. a4 bxa4 19. Qxa4 Nd7 20. Rfd1 Rb7 21. Nd5 Nxd5 22. exd5 Qa8 23. Qb3 Rfb8 24. b5 Qa5 25. Rc6 h6 26. Rdc1 Kh7 27. Qc2 Nb6 28. Qe4 Qa4 29. Qf3 f5 30. Bxb6 Rxb6 31. Bd3 Qd4 32. Rxb6 Rxb6 33. g4 fxg4 34. hxg4 Bf6 35. Rc8 Qe5 36. Qe3 Rb7 37. Bc4 Qd4 38. Qe6 h5 39. gxh5 gxh5 40. Qf7+ Kh6 41. Be2 Qa1+ 42. Kg2 Qe5 43. Rg8 Bg7 44. Kh3 Qc3+ 45. Bf3 Kh7 46. Re8 Qe5 47. Bd1 Rc7 48. b6 Rc3+ 49. Bf3 Qg5 50. Qg8+ Kh6 51. Qe6+ Qf6 52. Qxf6+ Bxf6 53. b7 Rxf3+ 54. Kg2 Rb3 55. b8=Q Rxb8 56. Rxb8 Kg5 57. Rb3 Bd4 58. Rb4 Be5 59. Kf3 h4 60. Rg4+ Kh5 61. Rg1 1/2-1/2

[Event "POL-chT Ekstraliga 2018"]
[Site "Gorzow"]
[Date "2018.06.08"]
[Round "1"]
[White "Flis, Jacek"]
[Black "Wcislo, Damian"]
[Result "1-0"]
[ECO "B30"]
[WhiteElo "2242"]
[BlackElo "2399"]
[Annotator "NA"]
[PlyCount "61"]
[EventDate "2018.06.08"]
[EventType "team-tourn"]
[EventCountry "POL"]
[SourceTitle "playchess.com"]
[Source "ChessBase"]
[SourceQuality "1"]
[TimeControl "40/5400+30:1800+30"]

1. e4 c5 2. Nf3 Nc6 3. Bb5 e6 4. O-O Nge7 5. b3 a6 6. Bxc6 Nxc6 7. Bb2 d6 8. d4 cxd4 9. Nxd4 Nxd4 10. Qxd4 e5 11. Qd3 Be7 12. c4 O-O 13. Nc3 Rb8 14. Nd5 b5 15. c5 Bg5 16. Rad1 Bb7 17. Qg3 f6 18. f4 exf4 19. Nxf4 Re8 20. Rxd6 Qc8 21. b4 Bxe4 22. h4 Bxf4 23. Rxf4 Bg6 24. h5 Bxh5 25. Rdxf6 Re7 26. Bd4 Bg6 27. Qb3+ Kh8 28. Rxg6 Qc7 29. Rd6 Re1+ 30. Kh2 Qe7 31. Qg3 1-0

[Event "POL-chT Ekstraliga 2018"]
[Site "Gorzow"]
[Date "2018.06.08"]
[Round "1"]
[White "Leks, Maria"]
[Black "Przezdziecka, Ewa"]
[Result "0-1"]
[ECO "B30"]
[WhiteElo "2145"]
[BlackElo "2165"]
[Annotator "NA"]
[PlyCount "84"]
[EventDate "2018.06.08"]
[EventType "team-tourn"]
[EventCountry "POL"]
[SourceTitle "playchess.com"]
[Source "ChessBase"]
[SourceQuality "1"]
[TimeControl "40/5400+30:1800+30"]

1. e4 c5 2. Nf3 Nc6 3. Bb5 d6 4. O-O Bd7 5. Re1 a6 6. Bf1 Bg4 7. c3 Nf6 8. h3 Bh5 9. g4 Bg6 10. d3 e5 11. Bg2 Be7 12. Nh4 Nd7 13. Nf5 Bxf5 14. exf5 h5 15. Nd2 hxg4 16. hxg4 Qc7 17. a3 g6 18. fxg6 fxg6 19. Nf1 O-O-O 20. b4 Nf6 21. g5 Nh5 22. a4 cxb4 23. cxb4 Nd4 24. Be3 Kb8 25. b5 a5 26. b6 Qd7 27. Bxd4 Nf4 28. Qf3 Nxg2 29. Qxg2 exd4 30. Ng3 d5 31. Rac1 Rc8 32. Rxc8+ Rxc8 33. Ne2 Qxa4 34. Qg3+ Ka8 35. Qg4 Rf8 36. Qxd4 Qxd4 37. Nxd4 Bc5 38. Ne6 Bxf2+ 39. Kf1 Bxe1+ 40. Nxf8 a4 41. Nxg6 a3 42. Ne5 Bc3 0-1

[Event "POL-chT Ekstraliga 2018"]
[Site "Gorzow"]
[Date "2018.06.09"]
[Round "2"]
[White "Kulon, Klaudia"]
[Black "Majdan, Joanna"]
[Result "1/2-1/2"]
[ECO "B20"]
[WhiteElo "2356"]
[BlackElo "2371"]
[Annotator "NA"]
[PlyCount "60"]
[EventDate "2018.06.08"]
[EventType "team-tourn"]
[EventCountry "POL"]
[SourceTitle "playchess.com"]
[Source "ChessBase"]
[SourceQuality "1"]
[TimeControl "40/5400+30:1800+30"]

1. e4 c5 2. Be2 Nc6 3. f4 Nf6 4. d3 d6 5. Nf3 Nd4 6. c3 Nxe2 7. Qxe2 g6 8. O-O Bg7 9. Kh1 O-O 10. Be3 c4 11. dxc4 Nxe4 12. Bxa7 Nxc3 13. Nxc3 Rxa7 14. Qe3 Ra6 15. Rfe1 Re8 16. b3 Bd7 17. Re2 ({White should play} 17. a4 $15) 17... b5 18. cxb5 Bxb5 19. Rc2 Bd7 20. Rac1 Qa8 21. a4 Qb7 22. Nd2 Bc6 23. Qf2 e5 24. fxe5 Rxe5 25. Nb5 $1 Rf5 ({Günstiger ist} 25... Bxb5 $17 26. axb5 Qxb5) 26. Qe2 $1 Re5 (26... Bxb5 $17 27. axb5 Ra8) 27. Qf2 Rf5 28. Qe2 Re5 $11 29. Qf2 Rf5 30. Qe2 Re5 1/2-1/2

[Event "POL-chT Ekstraliga 2018"]
[Site "Gorzow"]
[Date "2018.06.09"]
[Round "2"]
[White "Leks, Maria"]
[Black "Sliwicka, Alicja"]
[Result "0-1"]
[ECO "A45"]
[WhiteElo "2145"]
[BlackElo "2274"]
[Annotator "NA"]
[PlyCount "124"]
[EventDate "2018.06.08"]
[EventType "team-tourn"]
[EventCountry "POL"]
[SourceTitle "playchess.com"]
[Source "ChessBase"]
[SourceQuality "1"]
[TimeControl "40/5400+30:1800+30"]

1. d4 Nf6 2. Bf4 g6 3. e3 Bg7 4. Nf3 O-O 5. Be2 d5 6. Nbd2 c5 7. c3 Nc6 8. O-O Qb6 9. Qb3 c4 {[%emt 0:01:10] D02: 1 d4 d5 2 Nf3 sidelines, including 2...Nf6 3 g3 and 2...Nf6 3 Bf4} 10. Qa3 Nh5 (10... Bf5 11. b3 cxb3 12. axb3 Nh5 13. Bg5 f6 14. Bh4 g5 15. Bg3 Nxg3 16. hxg3 {½-½ (68) Dreev,A (2698)-Shipov,S (2588) chessassistantclub.com INT 2004}) 11. Bg5 Re8 12. b3 cxb3 13. axb3 h6 14. Bh4 g5 {[%emt 0:01:23] [#]} 15. Bg3 $146 ({Predecessor:} 15. Ne1 Nf6 16. Bg3 e5 17. Nef3 {½-½ (34) Tu,H (2506)-Causo,D (2367) Subic Bay 2009}) 15... Nxg3 16. hxg3 Bg4 17. c4 dxc4 18. bxc4 e5 19. Rab1 Qa5 20. Qxa5 Nxa5 21. d5 Rac8 22. e4 Bf8 23. Rfc1 b6 24. Nf1 Bc5 25. N1h2 Bd7 26. Nd2 Kg7 27. Bg4 Bxg4 28. Nxg4 h5 29. Ne3 Bxe3 30. fxe3 Rc5 31. Rb5 Rec8 32. Rxc5 Rxc5 33. Ra1 Kf6 34. Ra4 Rc8 35. Kf2 Ke7 36. Ke2 Kd6 37. Kd3 Ra8 38. Ra1 Nb7 39. Rf1 Nc5+ 40. Kc3 Ke7 41. Rh1 Rh8 42. Ra1 a5 43. Rb1 g4 44. Kc2 Rh6 45. Rh1 Kf6 46. Rf1+ Kg6 47. Rb1 Kg5 48. Rf1 Rf6 49. Rxf6 Kxf6 50. Kb2 Kg5 51. Nb3 Nxe4 52. c5 Nxc5 53. Nd2 b5 54. Kc3 Kf6 55. e4 Ke7 56. Kc2 Kd6 57. Kb2 {[%emt 0:00:35] [#]} f5 $19 58. exf5 Kxd5 59. Kc3 b4+ 60. Kb2 e4 61. Nf1 Kd4 62. f6 e3 0-1